 Dungeon Crawl Stone Soup version 0.22.0-38-g04b72b8 (webtiles) character file.

2267 yevrey the Fighter (level 9, -6/82 HPs)
             Began as a Hill Orc Fighter on Aug 29, 2018.
             Was a Believer of Beogh.
             Mangled by an unseen horror (8 damage)
             ... on level 7 of the Dungeon.
             The game lasted 00:25:39 (7704 turns).

yevrey the Fighter (Hill Orc Fighter)               Turns: 7704, Time: 00:25:40

Health: -6/82      AC: 14    Str: 20    XL:     9   Next: 38%
Magic:  3/3        EV:  6    Int:  8    God:    Beogh [**....]
Gold:   505        SH:  0    Dex: 18    Spells: 8/8 levels left

rFire    . . .     SeeInvis .   G - +8 Wrath of Trog {antimagic, *Rage}
rCold    . . .     Gourm    .   (shield currently unavailable)
rNeg     . . .     Faith    .   d - +0 plate armour
rPois    .         Spirit   .   (no helmet)
rElec    .         Reflect  .   r - +0 cloak
rCorr    .         Harm     .   (no gloves)
MR       .....     Rnd*Rage +   (no boots)
Stlth    ..........             (no amulet)
HPRegen  0.23/turn              z - +6 ring of dexterity
MPRegen  0.08/turn              (no ring)

@: about to teleport, berserk cooldown
A: no striking features
a: Smiting, Renounce Religion


You were on level 7 of the Dungeon.
You worshipped Beogh.
Beogh was pleased with you.
You were not hungry.

You visited 1 branch of the dungeon, and saw 9 of its levels.

You collected 505 gold pieces.

Inventory:

Hand Weapons
 a - a +2 hand axe of venom
 t - a +0 hunting sling
 x - a +0 flail of draining
 A - a +2 mace of holy wrath
 G - the +8 Wrath of Trog (weapon) {antimagic, *Rage}
   (You found it on level 7 of the Dungeon)

   It reduces the magical energy of the wielder, and disrupts the spells and
   magical abilities of those hit.
   Natural abilities and divine invocations are not affected.
   It may make you go berserk in combat.
Missiles
 g - 207 stones
 p - 73 sling bullets
 q - 4 tomahawks (quivered)
Armour
 c - a +0 shield
 d - a +0 plate armour (worn)
 h - +0 steam dragon scales
 r - a +0 cloak (worn)
Magical Staves
 F - an uncursed staff of summoning
Jewellery
 b - an uncursed ring of ice
 v - an uncursed ring of ice
 z - a +6 ring of dexterity (left hand)
 D - an uncursed ring of fire
Wands
 j - a wand of disintegration (15)
 y - a wand of flame (13)
Scrolls
 e - 3 scrolls of amnesia
 i - 3 scrolls of teleportation
 l - 2 scrolls of immolation {unknown}
 m - a scroll of fog {unknown}
 n - 2 scrolls of random uselessness {unknown}
 u - 6 scrolls of remove curse
 w - 3 scrolls of magic mapping {unknown}
Potions
 k - a potion of berserk rage {unknown}
 s - a potion of mutation {unknown}
 B - a potion of heal wounds {unknown}
 C - a potion of haste {unknown}
Comestibles
 f - 17 rations


   Skills:
 * Level 8.4 Fighting
 + Level 4.6(6.0) Axes
 + Level 4.9(5.5) Maces & Flails
 + Level 1.2 Slings
 + Level 7.5 Armour
 + Level 6.9 Shields
 + Level 3.0 Invocations


You had 8 spell levels left.
You didn't know any spells.
Your spell library was empty.

Dungeon Overview and Level Annotations

Branches:
Dungeon (9/15)             Temple (0/1) D:4
   Lair: D:8-11         Orc: D:9-12

Altars:
Elyvilon
Gozag
Hepliaklqana
Makhleb
Nemelex Xobeh
Sif Muna
Vehumet

Shops:
D:3 *   D:4 *


Message History

Your +0 cloak unmelds from your body.
Your +0 plate armour unmelds from your body.
Something hits you but does no damage.
You swing at nothing.
Something hits you.
* * * LOW HITPOINT WARNING * * *
Something hits you!
* * * LOW HITPOINT WARNING * * *
Something hits you but does no damage.
You slash something!
Something hits you but does no damage. x2
Something hits you.
* * * LOW HITPOINT WARNING * * *
As you read the scroll labeled OGOSELIBETO, it crumbles to dust.
It is a scroll of amnesia.
You feel forgetful for a moment.
You feel yourself speed up.
Something hits you but does no damage. x3
As you read the scroll labeled HIDEGU GEUT, it crumbles to dust.
You feel strangely unstable.
It was a scroll of teleportation.
Something hits you!
You die...

)(.............
)<.............
..#............
....#####+##### #. #.#.#
#####.........# . ..#.#.# #
#.#.#.#.#.# ..#.#...#
#.........# #.....#.#
####.#.#.#.#.##### #......#
...............@.##
#......#
.###.#.#[#.#.###..##
#.....# #.........# ##..#
#....<# #.#.#.#.#.# ##.#
#.#.#.# #.........# #.#
......
#####†#########.#####..#.##
#.# #.........#..#.# .#.
#.#.#.#.#.#..#.# .# #
#..#.#.#..#..#.#


There were no monsters in sight!

Vanquished Creatures
  Sigmund (D:5)
  A steam dragon (D:7)
  2 orc warriors
  A sky beast (D:6)
  An ice beast (D:5)
  A necrophage (D:7)
  3 ogres
  2 centaurs
  2 bullfrogs
  A scorpion (D:6)
  2 crimson imps
  A quasit (D:8)
  4 hounds
  3 orc priests
  A jelly (D:5)
  5 orc wizards
  2 bullfrog skeletons
  An iguana (D:7)
  5 worker ants
  3 gnolls (D:3)
  13 adders
  2 oozes (D:3)
  An adder zombie (D:6)
  An adder skeleton (D:5)
  A worm (D:4)
  2 dart slugs
  2 leopard geckos
  15 orcs
  2 ball pythons
  5 giant cockroaches
  9 goblins
  8 hobgoblins
  4 jackals
  A quokka (D:7)
  4 bats
  4 frilled lizards
  A jackal zombie (D:7)
  7 kobolds
  A quokka skeleton (D:4)
  A quokka zombie (D:7)
  2 rats (D:1)
128 creatures vanquished.

Vanquished Creatures (others)
  An orc priest (D:3)
  A worm (D:3)
  2 orcs (D:3)
  A bat (D:3)
  2 goblins (D:3)
  2 hobgoblins (D:3)
  A quokka (D:3)
  2 rats (D:3)
12 creatures vanquished.

Grand Total: 140 creatures vanquished

Notes
Turn   | Place    | Note
-------+----------+-------------------------------------------
     0 | D:1      | yevrey the Hill Orc Fighter began the quest for the Orb.
     0 | D:1      | Reached XP level 1. HP: 19/19 MP: 1/1
   180 | D:1      | Reached XP level 2. HP: 22/27 MP: 2/2
   185 | D:2      | Reached skill level 4 in Fighting
   486 | D:1      | Reached XP level 3. HP: 32/33 MP: 3/3
   753 | D:3      | Became a worshipper of Beogh the Brigand
   800 | D:3      | Reached XP level 4. HP: 21/41 MP: 4/4
   839 | D:3      | Found Gozag's Platinum Reserve.
   944 | D:2      | Found a white marble altar of Elyvilon.
  1195 | D:2      | Found a radiant altar of Vehumet.
  1212 | D:2      | Found a deep blue altar of Sif Muna.
  1654 | D:3      | Reached * piety under Beogh
  1686 | D:3      | Found an opulent altar of Gozag.
  1708 | D:3      | Reached XP level 5. HP: 41/47 MP: 5/5
  1917 | D:4      | Noticed an ogre
  1933 | D:3      | Killed an ogre
  1933 | D:3      | Reached skill level 5 in Fighting
  1933 | D:3      | Reached skill level 1 in Maces & Flails
  1933 | D:3      | Reached skill level 1 in Invocations
  2163 | D:4      | Reached XP level 6. HP: 56/56 MP: 7/7
  2173 | D:4      | Got a dazzling flail
  2255 | D:4      | Identified the cursed +1 flail of the Forsaken Hells {pain, -Tele Int+5 Dex+4} (You found it on level 4 of the Dungeon)
  2288 | D:4      | Found a hazy altar of Hepliaklqana.
  2346 | D:5      | Entered Level 5 of the Dungeon
  2346 | D:5      | Noticed Sigmund
  2347 | D:5      | Noticed an ice beast
  2349 | D:4      | Found Efogirr's General Store.
  2427 | D:4      | Reached skill level 1 in Slings
  2719 | D:4      | Found a staircase to the Ecumenical Temple.
  3123 | D:5      | Reached XP level 7. HP: 61/61 MP: 8/8
  3615 | D:5      | Killed Sigmund
  3615 | D:5      | Reached skill level 6 in Fighting
  3615 | D:5      | Reached XP level 8. HP: 28/70 MP: 10/10
  4137 | D:3      | Found a deep blue altar of Sif Muna.
  4206 | D:3      | Found a sparkling altar of Nemelex Xobeh.
  4407 | D:6      | Reached skill level 5 in Armour
  4422 | D:6      | Reached skill level 5 in Shields
  4955 | D:6      | HP: 2/71 [hound (2)]
  5178 | D:6      | Reached skill level 7 in Fighting
  6005 | D:6      | Found a burning altar of Makhleb.
  6234 | D:7      | HP: 3/73 [orc priest/divine providence (12)]
  6566 | D:8      | Reached XP level 9. HP: 79/79 MP: 11/11
  6629 | D:8      | Reached ** piety under Beogh
  6741 | D:9      | Noticed a troll
  6784 | D:8      | HP: 4/81 [troll (8)]
  7230 | D:7      | Reached skill level 8 in Fighting
  7314 | D:7      | Found the +8 Wrath of Trog {antimagic, *Rage}
  7702 | D:7      | HP: 1/82 [something (4)]
  7704 | D:7      | Mangled by an unseen horror

Skill      XL: |  1  2  3  4  5  6  7  8  9 |
---------------+----------------------------+-----
Fighting       | 4 5 6 7 8 |  8.4
Axes           | 3 4 |  4.6
Maces & Flails | 1 3 4 |  4.9
Armour         | 4 6 7 |  7.5
Invocations    | 1 2 3 |  3.0
Shields        | 4 6 |  6.9
Slings         | 1 |  1.2

Action                   |  1- 3 |  4- 6 |  7- 9 || total
-------------------------+-------+-------+-------++-------
Melee: War axe           |    66 |    47 |       ||   113
       Whip              |       |    35 |       ||    35
       Flail             |       |    71 |    34 ||   105
       Mace              |       |       |   283 ||   283
       Battleaxe         |       |       |    24 ||    24
 Fire: Hunting sling     |       |    21 |       ||    21
Throw: Stone             |       |     1 |       ||     1
Invok: Convert to Beogh  |     1 |       |       ||     1
       Smiting           |       |       |     1 ||     1
  Use: Scroll            |       |     2 |     5 ||     7
       Potion            |       |       |     7 ||     7
  Eat: Chunk             |       |     5 |     4 ||     9
       Ration            |       |     1 |     3 ||     4
Armor: Scale mail        |    23 |    73 |     7 ||   103
       Chain mail        |       |       |    76 ||    76
       Plate armour      |       |       |   146 ||   146
       Skin              |       |       |    48 ||    48
Dodge: Dodged            |    23 |    43 |    78 ||   144
Block: Shield            |    34 |   105 |   205 ||   344
